 Dungeon Crawl Stone Soup version 0.17-a0-1635-gd4e48f1 (webtiles) character file.

117 Riddler the Chiller (level 4, 0/24 HPs)
             Began as a Deep Elf Ice Elementalist on Aug 4, 2015.
             Was an Initiate of Sif Muna.
             Slain by a worm (11 damage)
             ... on level 3 of the Dungeon.
             The game lasted 00:16:55 (2187 turns).

Riddler the Chiller (Deep Elf Ice Elementalist)     Turns: 2187, Time: 00:16:55

Health: 0/24       AC:  3    Str:  4 (6)  XL:     4   Next: 71%
Magic:  0/10       EV: 13    Int: 20      God:    Sif Muna [......]
Gold:   180        SH:  0    Dex: 15      Spells: 2 memorised, 6 levels left

rFire  . . .     SeeInvis .     h - +0 dagger
rCold  . . .     Clarity  .     a - +0 robe
rNeg   . . .     SustAt   .     (no shield)
rPois  .         Gourm    .     (no helmet)
rElec  .         Spirit   .     (no cloak)
rCorr  .         Warding  .     (no gloves)
rMut   .         Stasis   .     p - +0 pair of boots (curse)
MR     .....                    (no amulet)
Stlth  ++........               (no ring)
                                (no ring)

@: not resistant to hostile enchantments, unstealthy
A: no striking features
a: Renounce Religion


You were on level 3 of the Dungeon.
You worshipped Sif Muna.
Sif Muna was noncommittal.
You were not hungry.

You visited 1 branch of the dungeon, and saw 3 of its levels.

You collected 180 gold pieces.

Inventory:

Hand weapons
 h - a +0 dagger (weapon)
Armour
 a - a +0 robe (worn)
 p - a cursed +0 pair of boots (worn)
Jewellery
 v - a cursed ring of poison resistance
Scrolls
 e - a scroll of fog {unknown}
 g - 2 scrolls of remove curse {unknown}
 j - 4 scrolls of identify
 m - a scroll of noise {unknown}
 o - a scroll of teleportation
 q - a scroll of amnesia {unknown}
 r - a scroll of random uselessness {unknown}
 s - a scroll of enchant armour {unknown}
 u - a scroll of recharging {unknown}
Potions
 d - a potion of agility {unknown}
 f - a potion of might {unknown}
 i - a potion of haste {unknown}
 k - a potion of heal wounds {unknown}
 n - a potion of cancellation {unknown}
Books
 b - a book of Frost

   Spells                             Type                      Level
   a - Freeze                         Ice                          1
   b - Throw Frost                    Conjuration/Ice              2
   c - Ozocubu's Armour               Charms/Ice                   3
   d - Throw Icicle                   Conjuration/Ice              4
   e - Summon Ice Beast               Ice/Summoning                4
   f - Condensation Shield            Ice                          4
Comestibles
 c - 6 bread rations
 l - 3 meat rations
 t - 4 chunks of flesh


   Skills:
 - Level 0.4 Fighting
 + Level 2.9 Dodging
 - Level 2.4 Stealth
 - Level 3.0 Spellcasting
 - Level 3.7 Conjurations
 + Level 4.3 Ice Magic


You had 6 spell levels left.
You knew the following spells:

 Your Spells              Type           Power        Failure   Level  Hunger
a - Freeze                Ice            ###.         2%          1    None
b - Throw Frost           Conj/Ice       ###...       4%          2    ##.....


Dungeon Overview and Level Annotations

Branches:
Dungeon (3/15)

Altars:
Sif Muna


Message History

The worm bites you.
You hit the worm.
The worm is almost dead.
You hit the worm but do no damage.
The worm is almost dead.
The worm bites you but does no damage.
You barely miss the worm.
The worm is severely wounded.
You barely miss the worm.
The worm is severely wounded.
The worm closely misses you.
Casting: Freeze
Confirm with . or Enter, or press ? or * to list all spells.
Aiming: Freeze
Press: ? - help, Shift-Dir - straight line, f/p - worm
Aim: a worm (severely wounded)
You freeze the worm.
The worm is almost dead.
The worm bites you!
You die...

.####...........#
#...........#
#....<......#
#...........#
#######....##
##....#############
#.................#
#............####.#
#....@.......# #.#
##...w####'### #.#
#....# #.# #.#
#....# #.# #.#
###### #.# #.# #.#
#.# #.# #.# #.# #.#
#.######.#


You could see a worm.

Vanquished Creatures
  An orc wizard (D:3)
  3 adders (D:2)
  A worm (D:3)
  A giant gecko (D:1)
  3 orcs (D:3)
  A ball python (D:1)
  9 bats
  4 giant cockroaches (D:3)
  10 hobgoblins
  3 jackals
  6 goblins
  4 kobolds
  3 quokkas (D:3)
  8 rats
57 creatures vanquished.

Notes
Turn   | Place    | Note
--------------------------------------------------------------
     0 | D:1      | Riddler the Deep Elf Ice Elementalist began the quest for the Orb.
     0 | D:1      | Reached XP level 1. HP: 10/10 MP: 6/6
   252 | D:1      | Reached XP level 2. HP: 15/15 MP: 5/8
   261 | D:1      | Learned a level 2 spell: Throw Frost
   992 | D:2      | Reached XP level 3. HP: 19/19 MP: 6/9
  1699 | D:2      | Reached XP level 4. HP: 18/24 MP: 6/10
  1878 | D:3      | Reached skill level 4 in Ice Magic
  1945 | D:3      | Found a deep blue altar of Sif Muna.
  1968 | D:3      | Became a worshipper of Sif Muna the Loreminder
  2187 | D:3      | Slain by a worm

Vault maps used:
D:1:      ncdulo_halloftheorcs
D:3:      lemuel_doored_altar

Action                   |  1- 3 |  4- 6 || total
-------------------------+-------+-------++-------
Melee: Dagger            |     3 |    11 ||    14
 Cast: Freeze            |    54 |    35 ||    89
       Throw Frost       |     2 |     4 ||     6
  Use: Potion            |     1 |       ||     1
       Scroll            |       |     2 ||     2
 Stab: Sleeping          |     1 |     2 ||     3
  Eat: Chunk             |     2 |     2 ||     4
